 Dungeon Crawl Stone Soup version 0.30.1-11-g7821555f0a (webtiles) character file.

Game seed: 6261161383270970754

15390 ICEMaiden the Digger (level 12, -8/73 HPs)
             Began as a Gargoyle Earth Elementalist on May 13, 2023.
             Was a High Priest of Sif Muna.
             Mangled by an Executioner (14 damage)
             ... on level 1 of the Abyss on Nov 2, 2023.
             The game lasted 01:00:12 (14314 turns).

ICEMaiden the Digger (Gargoyle Earth Elementalist) Turns: 14314, Time: 01:00:12

Health: -8/73      AC: 24    Str: 14    XL:     12   Next: 26%
Magic:  6/20       EV: 14    Int: 25    God:    Sif Muna [*****.]
Gold:   510        SH:  6    Dex: 13    Spells: 7/21 levels left

rFire   . . .        a - +7 spear "Dauss" {flame, Dex+3}
rCold   . . .        e - +0 buckler
rNeg    + . .        B - +5 robe of Night {Dark Will+ SInv}
rPois   ∞            J - +0 hat
rElec   +            x - +2 cloak {Will+}
rCorr   .            u - +0 pair of gloves
SInv    +            m - +3 pair of seven-league boots {Rampage+∞}
Will    ++...        L - amulet of magic regeneration
Stlth   ++           I - +4 ring of slaying
HPRegen 0.32/turn    G - +6 ring of intelligence
MPRegen 0.57/turn

%: rampage+∞
@: no status effects
A: sickness immunity, AC +8, negative energy resistance 1, electricity
resistance, torment resistance 1, petrification resistance
a: Renounce Religion, Channel Magic, Forget Spell, Divine Exegesis


You were on level 1 of the Abyss.
You worshipped Sif Muna.
Sif Muna was extremely pleased with you.
You visited 2 branches of the dungeon, and saw 11 of its levels.
You visited the Abyss 1 time.
You also visited: Ossuary and Bailey.

You collected 630 gold pieces.
You spent 120 gold pieces at shops.

Inventory:

Hand Weapons
 a - the +7 spear "Dauss" (weapon) {flame, Dex+3}
   (You took it off a goblin in a bailey)

   Dex:       It affects your dexterity (+3).
 b - a +6 trident of venom
Armour
 d - an orb of light
 e - a +0 buckler (worn)
 m - the +3 pair of seven-league boots (worn) {Rampage+∞}
   (You acquired it on level 10 of the Dungeon)

   Rampage+∞: When moving toward enemies, its wearer moves as far as possible,
   alerting their target en route.
 r - a +3 chain mail
 u - a +0 pair of gloves (worn)
 x - a +2 cloak of willpower (worn)
 y - a +0 kite shield
 B - the +5 robe of Night (worn) {Dark Will+ SInv}
   (You found it on level 5 of the Dungeon)

   Dark:      It shrouds the wearer in darkness, reducing the range at which
   they can see and be seen by others.
   SInv:      It lets you see invisible.
   Will:      It increases your willpower.
 C - a +3 plate armour of poison resistance
 J - a +0 hat (worn)
 K - +0 acid dragon scales
 P - a +1 robe of the Archmagi
Jewellery
 G - a +6 ring of intelligence (right hand)
 I - a +4 ring of slaying (left hand)
 L - an amulet of magic regeneration (around neck)
 N - a ring of resist corrosion
Wands
 c - a wand of roots (23)
Scrolls
 h - 3 scrolls of teleportation
 j - a scroll of torment {unknown}
 k - a scroll of silence {unknown}
 l - 2 scrolls of fear
 A - 3 scrolls of acquirement
 E - 4 scrolls of vulnerability {unknown}
 F - 2 scrolls of poison {unknown}
 H - a scroll of amnesia {unknown}
 M - a scroll of magic mapping
 R - a scroll of blinking {unknown}
 S - a scroll of immolation {unknown}
Potions
 f - 4 potions of heal wounds
 g - 6 potions of curing
 i - 4 potions of lignification
 n - a potion of cancellation {unknown}
 o - 3 potions of flight
 q - 3 potions of mutation
 s - 2 potions of berserk rage
 t - 2 potions of resistance
 v - a potion of brilliance
 w - 5 potions of haste
 z - a potion of ambrosia {unknown}
 D - a potion of invisibility
 O - 2 potions of magic
 Q - 5 potions of might


   Skills:
 * Level 7.8 Fighting
 + Level 1.7 Polearms
 - Level 3.5 Armour
 * Level 6.0 Dodging
 - Level 3.0 Stealth
 * Level 7.5 Shields
 * Level 5.3 Spellcasting
 * Level 6.3 Conjurations
 * Level 4.2 Summonings
 * Level 4.9 Transmutations
 * Level 4.4 Air Magic
 + Level 7.9 Earth Magic
 * Level 5.3 Poison Magic


You had 7 spell levels left.
You knew the following spells:

 Your Spells              Type           Power      Damage    Failure   Level
a - Sandblast             Erth           92%        2d19      1%          1
c - Mephitic Cloud        Conj/Pois/Air  33%        N/A       3%          3
d - Poisonous Vapours     Pois/Air       62%        N/A       1%          2
q - Call Canine Familiar  Summ           28%        N/A       5%          3
s - Stone Arrow           Conj/Erth      84%        3d12      1%          3
Z - Passwall              Tmut/Erth      31%        N/A       1%          2

Your spell library contained the following spells:

 Spells                   Type           Power      Damage    Failure   Level
 Wereblood                Tmut           31%        N/A       1%          2
 Petrify                  Tmut/Erth      38%        N/A       7%          4
 Summon Lightning Spire   Summ/Air       28%        N/A       17%         4
 Iskenderun's Battlesphe  Conj           38%        2d9       21%         5
 Freezing Cloud           Conj/Ice/Air   12%        6-21      54%         5
 Iron Shot                Conj/Erth      21%        9d5       63%         6
 Metabolic Englaciation   Hex/Ice        3%         N/A       95%         5
 Malign Gateway           Summ/Tloc      8%         N/A       100%        7
 Spellforged Servitor     Conj/Summ      16%        N/A       100%        7
 Summon Hydra             Summ           14%        N/A       100%        7
 Chain Lightning          Conj/Air       16%        3d22      100%        9
 Fire Storm               Conj/Fire      11%        8d3       100%        9
 Shatter                  Erth           23%        3d20*     100%        9
 Sublimation of Blood     Necr           Unusable   N/A       N/A         2
 Statue Form              Tmut/Erth      Unusable   N/A       N/A         6

Dungeon Overview and Level Annotations

Branches:
Dungeon (10/15)            Temple (1/1) D:5            Lair (0/5) D:8
    Orc (0/2) D:9         Ossuary (visited)          Bailey (visited)

Altars:
Ashenzari
Cheibriados
Dithmenos
Elyvilon
Fedhas
Gozag
Hepliaklqana
Kikubaaqudgha
Makhleb
Nemelex Xobeh
Okawaru
Qazlal
Ru
Sif Muna
Trog
Uskayaw
Vehumet
Wu Jian
Xom
Yredelemnul
Zin
The Shining One

Shops:
D:4 *   D:6 *

Annotations:
D:10 Sonja


Innate Abilities, Weirdness & Mutations

You are immune to sickness and miasma.
Your stone body is resilient. (AC +8)
You are immune to poison.
You resist negative energy. (rN+)
You are resistant to electric shocks. (rElec)
You are resistant to unholy torment.
You are immune to petrification.


Message History

The Executioner hits you but does no damage.
You block the Executioner's attack.
Your hound misses the Executioner.
Your hound completely misses the Executioner.
The Executioner hits you but does no damage. x3
Casting: Stone Arrow (safe; 1% risk of failure)
Confirm with . or Enter, or press ? or * to list all spells.
Aiming: Stone Arrow (safe; 1% risk of failure)
Press: ? - help, Shift-Dir - straight line, f/p - Executioner
Aim: an Executioner (severely wounded, fast, ally target, 60% to hit)
The stone arrow hits the Executioner!
The Executioner is almost dead.
The Executioner hits you.
* * * LOW HITPOINT WARNING * * *
The Executioner hits you.
* * * LOW HITPOINT WARNING * * *
You block the Executioner's attack. The Executioner closely misses you.
The Executioner completely misses you. x2
Your hound closely misses the Executioner.
You block the Executioner's attack.
The Executioner hits you but does no damage. x2
Casting: Stone Arrow (safe; 1% risk of failure)
Confirm with . or Enter, or press ? or * to list all spells.
Okay, then.
Aiming: Sandblast (safe; 1% risk of failure)
Press: ? - help, Q - select action, (/) - cycle Shift-Dir - straight line, f/p - Executioner
Aim: an Executioner (almost dead, fast, ally target, 75% to hit)
The blast of sand hits the Executioner!
The Executioner is almost dead.
The Executioner hits you!
* * * LOW HITPOINT WARNING * * *
The Executioner hits you but does no damage.
The Executioner hits you.
* * * LOW HITPOINT WARNING * * *
The Executioner misses you.
The Executioner hits you but does no damage. x2
Your hound barely misses the Executioner.
The Executioner misses you. The Executioner completely misses you.
The Executioner hits you but does no damage.
Your hound bites the Executioner.
The Executioner hits you!
You die...

###.#..# ##
.#.# #..#..##
.# ..#... ###.#
# #..#.#.#.####
#..##..#.#.....
# ##..##.#...#.
.........h....#
.......@1## #..
######### .. ##


You could see an Executioner (fast, ally target) and a friendly hound
(summoned).

Vanquished Creatures
  Erolcha (D:9)
  A two-headed ogre (D:9)
  An orc high priest (Bailey)
  2 sixfirhies (Abyss:1)
  A flayed ghost (Abyss:1)
  3 large abominations (Abyss:1)
  Joseph (D:9)
  An unseen horror (D:10)
  A kobold demonologist (Bailey)
  An ancient zyme (Abyss:1)
  A hornet (D:8)
  Grinder (D:3)
  A troll (D:9)
  5 raiju (Abyss:1)
  2 small abominations (Abyss:1)
  2 wyverns
  2 wraiths
  A shadow (D:9)
  7 yaks
  2 steam dragons
  3 vampire mosquitoes (D:9)
  An acid dragon (D:7)
  A water moccasin (shapeshifter) (D:10)
  13 orc warriors
  A sky beast (D:6)
  2 ice beasts (D:5)
  An ogre (D:6)
  A black bear (D:6)
  5 phantoms
  A centaur (D:10)
  A kobold brigand (D:7)
  5 bullfrogs
  3 scorpions
  3 wights (Abyss:1)
  2 troll zombies (D:9)
  4 killer bees (D:8)
  7 electric eels (Bailey)
  2 centaur zombies (Ossuary)
  6 crimson imps (D:10)
  3 jellies
  An iron imp (Abyss:1)
  A gnoll bouda (D:7)
  2 human zombies (Ossuary)
  Crazy Yiuf (D:4)
  3 hounds
  6 orc priests
  2 sleepcaps (D:5)
  7 iguanas
  Natasha (thrice) (D:3)
  4 orc wizards
  5 ogre zombies (D:9)
  Robin (D:3)
  2 mummies (Ossuary)
  14 gnolls
  10 adders
  2 shadow imps
  6 white imps
  4 ufetubi
  4 worms
  2 dart slugs (D:3)
  27 orcs
  7 bats
  7 endoplasms
  4 giant cockroaches
  33 goblins
  19 hobgoblins
  7 jackals (D:2)
  2 quokkas
  5 ball pythons
  2 frilled lizards
  7 goblin zombies
  2 hobgoblin skeletons (D:9)
  12 hobgoblin zombies
  2 jackal zombies (Ossuary)
  18 kobolds
  8 kobold zombies (Ossuary)
  3 orc skeletons (D:9)
  22 orc zombies
  5 rats
374 creatures vanquished.

Vanquished Creatures (others)
  A goblin zombie (D:9)
  7 starspawn tentacles (Abyss:1)
8 creatures vanquished.

Grand Total: 382 creatures vanquished

Notes
Turn   | Place    | Note
-------+----------+-------------------------------------------
     0 | D:1      | ICEMaiden the Gargoyle Earth Elementalist began the quest
                  | for the Orb.
     0 | D:1      | Reached XP level 1. HP: 10/10 MP: 3/3
   229 | D:1      | Reached XP level 2. HP: 12/16 MP: 1/5
   518 | D:1      | Reached skill level 1 in Fighting
   522 | D:1      | Reached skill level 1 in Transmutations
   915 | D:1      | Upgraded the game from 0.30.0-5-g1a98f26d00 to
                  | 0.30.0-29-ga12c61a403
   999 | D:2      | Reached XP level 3. HP: 20/20 MP: 1/6
  1287 | D:2      | Reached skill level 1 in Armour
  1290 | D:2      | Learned a level 2 spell: Passwall
  1294 | D:2      | Learned a level 3 spell: Stone Arrow
  1674 | D:2      | Reached XP level 4. HP: 25/25 MP: 4/7
  1973 | D:3      | Noticed Grinder
  1974 | D:3      | Paralysed by Grinder for 3 turns
  2070 | D:3      | Found a faded altar of an unknown god.
  2075 | D:3      | Reached skill level 1 in Conjurations
  2331 | D:3      | Reached XP level 5. HP: 29/29 MP: 5/8
  2415 | D:3      | Noticed Robin
  2430 | D:3      | Killed Robin
  2592 | D:3      | Noticed Natasha
  2596 | D:3      | Killed Natasha
  2597 | D:3      | Reached skill level 1 in Poison Magic
  2689 | D:3      | Killed Grinder
  2690 | D:3      | Reached skill level 1 in Shields
  2690 | D:3      | Reached skill level 1 in Air Magic
  2690 | D:3      | Reached XP level 6. HP: 28/35 MP: 1/9
  2836 | D:3      | Noticed Natasha
  2856 | D:3      | Killed Natasha
  3001 | D:3      | Noticed Natasha
  3007 | D:3      | Killed Natasha
  3034 | D:3      | Reached XP level 7. HP: 40/40 MP: 4/10
  4272 | D:4      | Found Gopn's General Store.
  4297 | D:4      | Bought a potion of heal wounds for 50 gold pieces
  4297 | D:4      | Bought a potion of brilliance for 40 gold pieces
  4297 | D:4      | Bought a potion of curing for 30 gold pieces
  4342 | D:4      | Found a runed translucent door.
  4343 | D:4      | Noticed Crazy Yiuf
  4903 | D:4      | Killed Crazy Yiuf
  4970 | D:5      | Entered Level 5 of the Dungeon
  5273 | D:5      | Reached skill level 5 in Earth Magic
  5436 | D:5      | Reached XP level 8. HP: 45/46 MP: 2/12
  5889 | D:5      | Found the +5 robe of Night {Dark Will+ SInv}
  6174 | D:5      | Found a staircase to the Ecumenical Temple.
  6225 | Temple   | Entered the Ecumenical Temple
  6425 | Temple   | Became a worshipper of Sif Muna the Loreminder
  6710 | D:6      | Reached skill level 1 in Summonings
  6847 | D:6      | Reached XP level 9. HP: 52/52 MP: 7/13
  6979 | D:6      | Found Cuxadiase's Assorted Antiques.
  7122 | D:6      | Reached * piety under Sif Muna
  7450 | D:7      | Found a white marble altar of Elyvilon.
  7766 | D:7      | Found a shadowy altar of Dithmenos.
  7785 | D:7      | Found a radiant altar of Vehumet.
  7787 | D:7      | Found a shimmering altar of Xom.
  7790 | D:7      | Found a blossoming altar of Fedhas.
  7955 | D:6      | Upgraded the game from 0.30.0-29-ga12c61a403 to
                  | 0.30.1-9-gdf580d7c3d
  8767 | D:6      | Learned a level 2 spell: Poisonous Vapours
  8849 | D:7      | Reached ** piety under Sif Muna
  8886 | D:7      | Learned a level 3 spell: Mephitic Cloud
  8898 | D:7      | Reached skill level 5 in Fighting
  9023 | D:7      | Found a sparkling altar of Nemelex Xobeh.
  9031 | D:7      | Found a snail-covered altar of Cheibriados.
  9394 | D:8      | Reached skill level 5 in Shields
  9394 | D:8      | Reached XP level 10. HP: 48/59 MP: 12/15
  9555 | D:8      | Found a sand-covered staircase.
  9561 | Ossuary  | Entered an ossuary
  9819 | Ossuary  | Reached *** piety under Sif Muna
 10282 | D:8      | Found a staircase to the Lair.
 10523 | D:8      | Found a burning altar of Makhleb.
 10840 | D:9      | Noticed Joseph
 10930 | D:9      | Noticed a two-headed ogre
 10951 | D:9      | Killed a two-headed ogre
 11006 | D:9      | Noticed Erolcha
 11102 | D:9      | Killed Joseph
 11174 | D:9      | Noticed a two-headed ogre
 11460 | D:9      | Reached skill level 5 in Conjurations
 11476 | D:9      | Reached skill level 5 in Dodging
 11678 | D:9      | Identified the +1 leather armour of Uxkal {rPois}
 11823 | D:9      | Killed Erolcha
 11824 | D:9      | Reached XP level 11. HP: 49/66 MP: 9/17
 11866 | D:8      | Upgraded the game from 0.30.1-9-gdf580d7c3d to
                  | 0.30.1-11-g7821555f0a
 11908 | D:9      | Found a staircase to the Orcish Mines.
 11964 | D:10     | Entered Level 10 of the Dungeon
 11980 | D:9      | Reached **** piety under Sif Muna
 12206 | D:10     | Noticed Sonja
 12353 | D:10     | Identified 3 scrolls of acquirement
 12353 | D:10     | Acquired the +3 pair of seven-league boots {Rampage+∞}
 12353 | D:10     | Found the +3 pair of seven-league boots {Rampage+∞}
 12413 | D:10     | Found a flagged portal.
 12429 | Bailey   | Entered a bailey
 12605 | Bailey   | Noticed an orc high priest
 12615 | Bailey   | Killed an orc high priest
 12634 | Bailey   | Identified the +7 spear "Dauss" {flame, Dex+3}
 12652 | Bailey   | Found an iron altar of Okawaru.
 12678 | Bailey   | Got the Almanac of Support
 12837 | Bailey   | Reached ***** piety under Sif Muna
 13070 | Bailey   | Learned a level 3 spell: Call Canine Familiar
 13193 | D:10     | Reached skill level 1 in Polearms
 13234 | D:10     | Received a gift from Sif Muna
 13268 | D:10     | Noticed a centaur warrior
 13345 | Abyss:1  | Cast into level 1 of the Abyss (Sonja)
 13514 | Abyss:1  | Noticed a tentacled starspawn
 13516 | Abyss:1  | Noticed a flayed ghost
 13538 | Abyss:1  | Noticed a thrashing horror
 13544 | Abyss:1  | Killed a flayed ghost
 13552 | Abyss:1  | Found a corrupted altar of Lugonu.
 13678 | Abyss:1  | Noticed a sixfirhy
 13678 | Abyss:1  | Noticed a large abomination
 13685 | Abyss:1  | Noticed a lich
 13691 | Abyss:1  | Killed a sixfirhy
 13692 | Abyss:1  | Reached skill level 5 in Spellcasting
 13692 | Abyss:1  | Reached skill level 5 in Poison Magic
 13726 | Abyss:1  | Noticed a rakshasa
 13777 | Abyss:1  | Noticed a large abomination
 13839 | Abyss:1  | Reached XP level 12. HP: 51/72 MP: 9/19
 13935 | Abyss:1  | Noticed a thrashing horror
 14066 | Abyss:1  | Noticed a large abomination
 14071 | Abyss:1  | Killed a large abomination
 14278 | Abyss:1  | Noticed a naga warrior
 14303 | Abyss:1  | Noticed an Executioner
 14314 | Abyss:1  | Mangled by an Executioner

Illustrated notes

Levels and vault maps discovered:
D:1:      lightli_arrival_farm, layout_loops_ring
D:2:      layout_loops_cross, minmay_tripent
D:3:      wad_lake_hut, layout_loops_ring, basic_ecumenical_altar, uniq_robin,
          uniq_natasha, uniq_grinder
D:4:      kennysheep_spiral_hall, layout_basic, serial_shops, shop,
          uniq_crazy_yiuf_cottage
D:5:      corexii_shack_village, layout_cave_pools,
          minmay_temple_entry_antechambers
D:6:      layout_cave_pools, serial_shops, shop
D:7:      layout_basic, mainiacjoe_overflow_cross_hatched,
          grunt_temple_overflow_open, hangedman_abyss_or_decor_stabs,
          hex_intersection
D:8:      layout_cave_pods, lightli_temple_of_fire, lair_entry_dummy,
          nicolae_ossuary_entry_plus
D:9:      layout_basic, zombieorc2_lemuel, uniq_erolcha, uniq_joseph
D:10:     minmay_general_purpose_star, layout_rooms, enter_bailey_7,
          minmay_nine_imps, uniq_sonja
Temple:   nicolae_temple_bog_church
Abyss:1:  base: D:1, guppyfry_abyss_exit_glass_guarded

Skill      XL: |  1  2  3  4  5  6  7  8  9 10 11 12 |
---------------+-------------------------------------+-----
Fighting       | 1 2 3 4 5 6 7 |  7.8
Transmutations | 1 2 3 4 |  4.9
Dodging        | 2 3 4 5 6 |  6.0
Armour         | 1 2 3 |  3.5
Conjurations   | 1 2 3 4 5 6 |  6.3
Earth Magic    | 4 5 6 7 |  7.9
Poison Magic   | 1 2 3 4 5 |  5.3
Shields        | 1 2 3 5 6 7 |  7.5
Air Magic      | 1 2 3 4 |  4.4
Stealth        | 3 |  3.0
Spellcasting   | 3 4 5 |  5.3
Summonings     | 1 2 3 4 |  4.2
Polearms       | 1 |  1.7

Action                     |  1- 3 |  4- 6 |  7- 9 | 10-12 || total
---------------------------+-------+-------+-------+-------++-------
  Melee: Whip              |     5 |       |     5 |    94 ||   104
         Dagger            |    15 |    16 |    20 |       ||    51
         Trident           |       |       |       |   136 ||   136
         Spear             |       |       |       |    22 ||    22
  Throw: Stone             |     2 |       |       |       ||     2
   Cast: Sandblast         |    51 |    73 |   278 |   143 ||   545
         Passwall          |       |       |     2 |     3 ||     5
         Stone Arrow       |       |       |    13 |    69 ||    82
         Poisonous Vapours |       |       |     3 |     5 ||     8
         Mephitic Cloud    |       |       |       |    12 ||    12
         Call Canine Famil |       |       |       |     7 ||     7
  Evoke: Wand              |       |       |     3 |    11 ||    14
    Use: Potion            |       |     1 |       |     1 ||     2
         Scroll            |       |       |     9 |     5 ||    14
   Stab: Sleeping          |       |       |     1 |       ||     1
         Confused          |       |       |       |     1 ||     1
         Invisible         |       |       |       |     1 ||     1
 Armour: Robe              |    11 |     8 |    55 |   199 ||   273
         Leather armour    |       |     6 |    41 |       ||    47
  Dodge: Dodged            |    20 |    31 |   145 |   249 ||   445
  Block: Buckler           |       |       |    13 |    99 ||   112
